Map: King's Cove LE

Players

Slow - Winner!

  • Race: Protoss Protoss
  • League: Master
  • Spawn Location: 11:00

Mez

  • Race: Terran Terran
  • League: Master
  • Spawn Location: 5:00

VOD

Have the link to the VOD?

Description

Time

  • Played on: July 31, 2019, 11:58 a.m.
  • Length: 16:26
Show
View Real Time Build Order
Export as new Build Order

Slow Protoss - Winner!

Build Orders: 1 Gate Expand, Zealot Archon, Dark Templar Rush 

Get SALT Encoding   

  12  0:00  Probe  
  13  0:12  Probe  
  14  0:18  Pylon  
  14  0:24  Probe  
  15  0:32  Probe  
  15  0:39  Gateway  
  15  0:40  Probe  
  17  0:50  Assimilator  
  17  0:51  Probe  
  18  1:03  Probe  
  19  1:15  Probe  
  20  1:26  Cybernetics Core  
  20  1:28  Probe  
  21  1:41  Nexus  
  22  1:50  Pylon  
  22  1:53  Assimilator  
  21  1:54  Probe  
  22  2:02  Probe  
  22  2:08  Stalker  
  25  2:10  Probe  
  26  2:22  Twilight Council  
  26  2:30  Pylon  
  26  2:32  Probe  
  27  2:39  Stalker  
  27  2:43  Warp Gate  
  29  2:46  Probe  
  30  2:56  Probe  
  31  2:59  Probe  
  31  3:03  Dark Shrine  
  32  3:08  Probe  
  33  3:13  Probe  
  33  3:20  Probe  
  34  3:28  Probe  
  34  3:30  Gateway  
  34  3:32  Probe  
  36  3:35  Gateway  
  36  3:43  Gateway  
  36  3:45  Probe, Charge  
  38  3:48  Probe  
  38  3:54  Probe  
  38  3:56  Probe  
  38  4:02  Probe  
  40  4:04  Probe  
  40  4:08  Pylon  
  42  4:11  Probe  
  43  4:21  Probe  
  44  4:35  Dark Templar  
  44  4:36  Dark Templar x2  
  50  4:39  Probe x2  
  50  4:42  Pylon  
  50  4:45  Assimilator x2  
  52  4:51  Probe  
  41  5:13  Zealot x2  
  41  5:14  Zealot x2  
  47  5:15  Probe x2  
  47  5:20  Archon  
  49  5:23  Probe x2  
  51  5:31  Probe x2  
  52  5:39  Nexus  
  52  5:40  Pylon  
  52  5:42  Probe  
  53  5:43  Forge  
  53  5:46  Forge  
  54  5:50  Probe  
  54  5:51  Protoss Ground Armor Level 1, Protoss Ground Weapons Level 1  
  54  5:54  Probe  
  56  6:02  Probe  
  57  6:06  Probe  
  58  6:14  Probe  
  59  6:18  Probe  
  59  6:20  Zealot x4  
  68  6:26  Probe  
  68  6:30  Probe  
  70  6:36  Gateway  
  70  6:41  Gateway  
  70  6:42  Gateway  
  70  6:47  Gateway  
  70  6:49  Probe  
  70  6:51  Probe  
  70  6:52  Probe  
  73  6:58  Probe  
  73  7:03  Probe  
  73  7:04  Probe  
  73  7:05  Dark Templar x3  
  82  7:09  Dark Templar  
  82  7:11  Archon  
  82  7:13  Archon  
  84  7:19  Probe  
  85  7:25  Pylon  
  85  7:27  Pylon  
  85  7:30  Pylon  
  85  7:37  Pylon  
  85  7:43  Probe x3  
  88  7:47  Dark Templar x2  
  88  7:48  Dark Templar x3  
  88  7:49  Dark Templar  
  100  7:52  Dark Templar  
  100  7:54  Archon  
  100  7:55  Probe x3  
  100  7:56  Archon  
  105  7:59  Zealot  
  105  8:04  Pylon  
  107  8:10  Robotics Facility  
  107  8:13  Robotics Facility  
  107  8:16  Assimilator  
  107  8:17  Assimilator, Protoss Ground Armor Level 2  
  107  8:24  Protoss Ground Weapons Level 2  
  87  8:29  Zealot x3  
  87  8:30  Zealot  
  95  8:43  Zealot  
  95  8:44  Zealot x2  
  101  8:52  Pylon  
  101  8:53  Pylon  
  101  8:54  Pylon  
  67  9:40  Probe x2  
  61  9:50  Zealot  
  61  9:51  Zealot x5  
  61  9:52  Zealot x2, Probe  
  70  10:02  Robotics Bay  
  70  10:12  Immortal, Nexus  
  68  10:25  Probe x2  
  74  10:32  Protoss Ground Armor Level 3  
  74  10:36  Colossus  
  74  10:37  Probe x2  
  74  10:39  Protoss Ground Weapons Level 3  
  76  10:49  Probe  
  75  10:55  Zealot x6  
  93  10:58  Probe  
  93  11:01  Probe  
  95  11:12  Colossus  
  95  11:13  Extended Thermal Lance  
  95  11:14  Probe  
  95  11:15  Probe  
  103  11:33  Dark Templar  
  103  11:34  Dark Templar  
  103  11:38  Dark Templar  
  109  11:42  Dark Templar  
  109  11:45  Archon  
  111  11:49  Dark Templar x2  
  115  11:56  Colossus  
  115  11:57  Archon  
  121  12:12  Stalker x3  
  121  12:14  Zealot x2  
  101  12:53  Colossus  
  87  13:06  Zealot  
  87  13:07  Zealot x6  
  87  13:08  Zealot  
  109  13:21  Robotics Facility  
  109  13:22  Nexus  
  109  13:24  Probe x3  
  112  13:27  Templar Archives  
  112  13:28  Pylon  
  112  13:32  Stalker x2, Pylon  
  112  13:33  Stalker  
  118  13:35  Stalker  
  118  13:36  Probe x2, Protoss Shields Level 1  
  122  13:42  Immortal  
  122  13:44  Sentry  
  122  13:45  Sentry  
  122  13:47  Sentry  
  132  13:52  Probe x2  
  132  13:53  Probe  
  135  13:59  Immortal  
  133  14:04  Probe  
  133  14:07  Stalker  
  140  14:14  High Templar x3  
  140  14:16  High Templar  
  148  14:19  Archon  
  148  14:20  Archon  
  148  14:22  Immortal  
  124  14:50  Immortal  
  124  14:52  Immortal  
  112  15:00  Stalker  
  112  15:01  Stalker  
  112  15:03  Stalker  
  112  15:04  Stalker x2, Zealot x3  
  136  15:11  Probe  
  136  15:12  Probe x2  
  139  15:15  Assimilator  
  139  15:16  Assimilator  
  139  15:21  Immortal  
  139  15:31  Immortal  
  133  15:52  Stalker x3  
  133  15:53  Stalker x5  
Show
View Real Time Build Order
Export as new Build Order

Mez Terran 

Build Orders: Reaper Expand 

Get SALT Encoding   

  12  0:00  SCV  
  13  0:13  SCV  
  14  0:18  Supply Depot  
  14  0:25  SCV  
  15  0:40  SCV, Barracks  
  16  0:45  Refinery  
  16  0:52  SCV  
  17  1:04  SCV  
  18  1:16  SCV  
  19  1:29  Reaper, Orbital Command  
  20  1:46  Command Center  
  20  1:55  SCV  
  21  2:02  Barracks Reactor, Barracks  
  21  2:10  SCV  
  22  2:18  Barracks  
  22  2:22  SCV  
  23  2:29  Supply Depot  
  23  2:50  Marine x2  
  23  2:51  SCV  
  26  2:52  Barracks Tech Lab  
  26  2:59  Orbital Command  
  26  3:03  SCV  
  27  3:06  Marine  
  27  3:09  Marine x2  
  27  3:12  Concussive Shells, Marauder  
  32  3:15  SCV  
  33  3:26  SCV  
  33  3:27  SCV, Marine x2  
  34  3:32  Supply Depot  
  34  3:33  Engineering Bay  
  37  3:37  Marine  
  37  3:40  Marauder  
  40  3:42  SCV x2  
  42  3:50  Marine  
  42  3:51  Marine  
  42  3:54  SCV x2  
  46  3:55  Marine  
  46  3:56  Stimpack  
  47  4:03  Marine  
  47  4:08  Bunker, Marine x2  
  50  4:11  SCV x2  
  52  4:32  Marine x2  
  52  4:36  Missile Turret  
  52  4:38  Missile Turret  
  54  4:41  Supply Depot  
  54  4:51  SCV  
  54  5:03  SCV, Marine x2  
  53  5:13  Marine x2  
  49  5:14  SCV  
  49  5:15  SCV  
  49  5:20  Marine x2  
  49  5:21  Refinery x2, Command Center  
  51  5:22  Factory  
  51  5:26  SCV  
  51  5:27  SCV, Supply Depot  
  53  5:32  Marine x2  
  55  5:38  Terran Infantry Weapons Level 1  
  55  5:40  Barracks Tech Lab  
  57  5:43  SCV, Marauder  
  57  5:44  SCV  
  57  5:48  Refinery  
  59  5:55  Supply Depot  
  59  5:56  SCV x2  
  61  6:00  Marine x2  
  61  6:01  Marauder  
  65  6:09  Starport  
  65  6:11  Factory Reactor  
  65  6:13  SCV x2  
  65  6:16  Combat Shield  
  67  6:25  SCV x2, Marine x2, Supply Depot  
  68  6:26  Marine x2  
  73  6:37  SCV  
  74  6:48  Barracks  
  74  6:49  Barracks  
  74  6:51  Missile Turret, SCV  
  74  6:54  Medivac x2  
  79  6:56  Marine x2, Marauder x2  
  79  7:00  Orbital Command  
  85  7:11  Supply Depot  
  85  7:14  SCV x2  
  87  7:16  Supply Depot  
  87  7:22  Marine x2, Marauder x2  
  93  7:24  Supply Depot  
  93  7:25  Medivac x2  
  93  7:29  SCV x3  
  100  7:32  Terran Infantry Armor Level 1  
  100  7:33  Supply Depot  
  100  7:39  Marine  
  100  7:42  SCV x2  
  100  7:43  SCV  
  104  7:45  Barracks Reactor, Barracks Tech Lab  
  104  7:46  Marauder  
  104  7:47  Marine, Marauder  
  104  7:51  Supply Depot  
  109  7:55  SCV x3  
  112  8:07  Marine x2, Marauder  
  112  8:08  Marauder  
  112  8:10  Medivac  
  112  8:11  Medivac  
  122  8:14  Ghost Academy  
  122  8:29  Marine x4, Marauder x3  
  118  8:47  Marine  
  123  8:54  Marine  
  123  8:55  Marine  
  130  8:59  Ghost  
  127  9:04  Refinery  
  127  9:05  Refinery  
  127  9:07  Ghost x2  
  95  9:35  Marine  
  95  9:36  Marine x5, Marauder  
  80  9:48  SCV x3  
  81  9:53  Marine x3  
  81  9:54  Marine x3  
  86  10:00  SCV x3  
  86  10:02  Barracks x2  
  86  10:03  Barracks  
  87  10:12  SCV x3  
  87  10:14  Command Center  
  86  10:24  SCV x3  
  89  10:30  Ghost x3  
  89  10:31  Marine  
  89  10:32  Marine x3  
  89  10:35  Medivac x2  
  103  10:40  SCV x3  
  106  10:49  Marine  
  107  10:50  Barracks Tech Lab  
  107  10:51  Barracks Reactor, Barracks Tech Lab  
  107  10:52  SCV x3, Marine x3, Supply Depot  
  113  10:58  Ghost  
  113  10:59  Marine  
  116  11:08  Missile Turret  
  116  11:11  Marauder x3  
  122  11:24  Marine x2  
  122  11:25  Marine x2, Marauder  
  128  11:26  Medivac  
  128  11:27  Medivac  
  128  11:28  Marauder  
  128  11:31  Command Center  
  128  11:32  Marine x2, Marauder  
  138  11:34  Supply Depot  
  138  11:44  Marine x4  
  138  11:46  Marauder  
  144  11:49  Planetary Fortress, Marauder  
  144  11:51  SCV x2  
  144  11:52  SCV  
  149  12:06  SCV  
  149  12:07  SCV x2  
  152  12:17  Marine x6, Marauder x5  
  152  12:18  SCV  
  152  12:19  SCV, Medivac  
  152  12:21  Medivac  
  151  12:35  Marine x2  
  133  12:38  Marauder x3  
  133  12:42  Marine, Marauder  
  120  12:55  Marine, Marauder  
  113  12:59  Marauder  
  113  13:06  Marine x5, Marauder x3  
  113  13:08  SCV x4  
  113  13:11  Medivac x2  
  132  13:13  Marine  
  132  13:16  Marine  
  132  13:18  Barracks  
  132  13:19  Barracks  
  134  13:20  SCV, Barracks x2  
  134  13:21  SCV x2  
  134  13:25  Missile Turret  
  137  13:29  Marine x5, Marauder x4  
  137  13:31  Orbital Command  
  150  13:37  Marauder  
  150  13:41  Command Center  
  152  13:43  Refinery, Command Center  
  152  13:44  Refinery  
  152  13:50  Fusion Core, Marauder x2, Starport x2  
  156  13:55  Supply Depot  
  156  13:58  Supply Depot  
  141  14:06  Liberator x2  
  141  14:09  Marauder x2  
  147  14:10  Marauder, Barracks Tech Lab x3  
  147  14:11  Marine, Marauder, Barracks Tech Lab  
  147  14:12  Marine x3, Marauder  
  161  14:28  SCV  
  161  14:31  Marauder x2  
  143  14:45  Marine x3, Marauder  
  119  14:49  Armory, Liberator  
  105  14:58  Engineering Bay, Marine x4  
  105  14:59  Marine, Marauder  
  107  15:04  Orbital Command  
  107  15:05  Starport Reactor  
  107  15:06  Starport Tech Lab  
  110  15:15  SCV  
  110  15:16  SCV x4  
  115  15:28  SCV x5  
  109  15:37  Marine  
  109  15:38  Marine x8, Marauder  
  109  15:40  SCV x2  
  85  15:50  Marine, Marauder  
  85  15:51  Marauder  
  85  15:55  Marine x2  
  85  15:56  Marine, Marauder x3  
  96  15:59  Marauder  
Tags
 
Add a new tag
Caveats
  • Supply blocks, unpowered buildings, or Contaminate may cause inaccurate times.
  • Supply counts are checked every 10 seconds.